 Dungeon Crawl Stone Soup version 0.20.1-1-g8b1a95d (webtiles) character file.

131 Jannitor the Vexing (level 4, -1/26 HPs)
             Began as a Deep Elf Arcane Marksman on Sept 24, 2017.
             Slain by an orc priest
             ... wielding a +0 mace
              (7 damage)
             ... on level 3 of the Dungeon.
             The game lasted 00:07:09 (3753 turns).

Jannitor the Vexing (Deep Elf Arcane Marksman)      Turns: 3753, Time: 00:07:10

Health: -1/26      AC:  2    Str:  8    XL:     4   Next: 91%
Magic:  5/8        EV: 13    Int: 18    God:
Gold:   118        SH:  0    Dex: 15    Spells: 3/6 levels left

rFire    + . .     SeeInvis .   b - +1 dagger (freeze)
rCold    + . .     Gourm    .   (no shield)
rNeg     . . .     Faith    .   n - +0 robe (curse)
rPois    .         Spirit   .   (no helmet)
rElec    .         Reflect  .   k - scarf {rC+ rF+}
rCorr    .         Harm     .   (no gloves)
MR       .....                  (no boots)
Stlth    ++........             (no amulet)
Regen    0.1/turn               (no ring)
MPRegen  0.2/turn               (no ring)

@: very slightly contaminated
A: no striking features
a: no special abilities


You were on level 3 of the Dungeon.
You were hungry.

You visited 1 branch of the dungeon, and saw 3 of its levels.

You collected 118 gold pieces.

Inventory:

Hand Weapons
 a - a +0 shortbow
 b - a +1 dagger of freezing (weapon)
Missiles
 d - 10 arrows
Armour
 e - a +0 robe
 k - a scarf of resistance (worn)
 n - a cursed +0 robe (worn)
Scrolls
 j - 2 scrolls of amnesia {unknown}
 l - 4 scrolls of identify {unknown}
 o - a scroll of remove curse {unknown}
 q - a scroll of fog {unknown}
 s - a scroll of magic mapping {unknown}
 t - a scroll of blinking {unknown}
Potions
 f - a potion of haste {unknown}
 m - a potion of flight {unknown}
 p - a potion of heal wounds {unknown}
Books
 c - a book of Debilitation

   Spells                             Type                      Level
   a - Corona                         Hexes                        1
   b - Slow                           Hexes                        2
   c - Inner Flame                    Hexes/Fire                   3
   d - Portal Projectile              Hexes/Translocation          3
   e - Cause Fear                     Hexes                        4
   f - Leda's Liquefaction            Hexes/Earth                  4
Comestibles
 g - a royal jelly
 i - 4 fruits
 r - 2 meat rations


   Skills:
 + Level 1.7 Fighting
 + Level 1.7 Short Blades
 + Level 2.8 Bows
 - Level 2.4 Dodging
 + Level 2.0 Stealth
 - Level 1.5 Spellcasting
 + Level 5.5 Hexes


You had 3 spell levels left.
You knew the following spells:

 Your Spells              Type           Power        Failure   Level  Hunger
a - Corona                Hex            ###....      1%          1    ##.....
b - Slow                  Hex            ###.....     3%          2    ###....


Dungeon Overview and Level Annotations

Branches:
Dungeon (3/15)

Altars:
Elyvilon
Hepliaklqana
Ru
Xom


Message History

Aim: an orc priest, wielding a mace and wearing a leather armour (moderately wounded, slow, softly glowing)
Okay, then.
Your +1 dagger of freezing glows with a cold blue light!
b - a +1 dagger of freezing (weapon)
You hit the orc priest. You freeze the orc priest.
The orc priest is heavily wounded.
The orc priest hits you with a mace.
* * * LOW HITPOINT WARNING * * *
Unknown command.
You feel better.
You hit the orc priest. You freeze the orc priest.
The orc priest is severely wounded.
The orc priest hits you with a mace.
* * * LOW HITPOINT WARNING * * *
You hit the orc priest but do no damage.
The orc priest is severely wounded.
You completely miss the orc priest.
The orc priest is severely wounded.
The orc priest stops glowing.
The orc priest hits you with a mace!
You die...

### #@#
......)o#
(......(#
.......##
.......
.......
.....$.
(......


You could see an orc priest.

Vanquished Creatures
  An orc wizard (D:2)
  2 gnolls (D:1)
  An ooze (D:1)
  A worm (D:2)
  3 leopard geckos (D:2)
  7 orcs (D:2)
  2 ball pythons (D:1)
  3 giant cockroaches (D:1)
  6 goblins
  3 hobgoblins
  A jackal (D:1)
  15 kobolds
  8 bats
  2 frilled lizards (D:1)
  10 rats
  A plant (D:2)
66 creatures vanquished.

Notes
Turn   | Place    | Note
-------+----------+-------------------------------------------
     0 | D:1      | Jannitor the Deep Elf Arcane Marksman began the quest for the Orb.
     0 | D:1      | Reached XP level 1. HP: 11/11 MP: 5/5
    32 | D:1      | Reached skill level 1 in Fighting
    32 | D:1      | Reached XP level 2. HP: 16/16 MP: 4/6
   391 | D:1      | Learned a level 2 spell: Slow
   633 | D:1      | Reached XP level 3. HP: 19/20 MP: 5/7
   637 | D:1      | Reached skill level 5 in Hexes
  1161 | D:1      | Reached skill level 1 in Stealth
  1953 | D:2      | Reached XP level 4. HP: 25/25 MP: 8/8
  2098 | D:2      | Found a glowing silver altar of Zin.
  2100 | D:2      | Found a hazy altar of Hepliaklqana.
  2100 | D:2      | Found a shimmering altar of Xom.
  2102 | D:2      | Found a sacrificial altar of Ru.
  2102 | D:2      | Found a white marble altar of Elyvilon.
  2102 | D:2      | Found a sacrificial altar of Ru.
  2363 | D:2      | Reached skill level 1 in Short Blades
  3753 | D:3      | Slain by an orc priest

Skill      XL: |  1  2  3  4 |
---------------+-------------+-----
Fighting       | 1 |  1.7
Hexes          | 5 |  5.5
Stealth        | 1 2 |  2.0
Short Blades   | 1 |  1.7
Bows           | |  2.8
Dodging        | |  2.4
Spellcasting   | |  1.5

Action                   |  1- 3 |  4- 6 || total
-------------------------+-------+-------++-------
Melee: Dagger            |    95 |   140 ||   235
 Fire: Shortbow          |    48 |     9 ||    57
 Cast: Corona            |    24 |     3 ||    27
       Slow              |     8 |    13 ||    21
  Use: Potion            |       |     2 ||     2
 Stab: Sleeping          |     5 |     1 ||     6
  Eat: Chunk             |     3 |     3 ||     6
       Bread ration      |       |     1 ||     1
Armor: Robe              |    15 |    12 ||    27
Dodge: Dodged            |    79 |    79 ||   158
